[Event "Titled Tuesday Blitz July 25 Early 2023"]
[White "Antonio, Rogelio Jr"]
[Black "Mika, Tomasz"]
[WhiteFideId "5200032"]
[BlackFideId "1132970"]
[WhiteElo "2688"]
[BlackElo "2390"]
[Result "1-0"]
[Round "2"]
[TimeControl "180+2"]
[Date "2023.07.25"]
[WhiteClock "0:01:45"]
[BlackClock "0:01:02"]
[Board "154"]

1. e4 c6 2. Nf3 d5 3. Nc3 Bg4 4. h3 Bxf3 5. Qxf3 e6 6. d4 dxe4 7. Qe3 Nf6 8. Nxe4 Be7 9. c3 Nxe4 10. Qxe4 Nd7 11. Bd3 Nf6 12. Qe2 O-O 13. O-O c5 14. dxc5 Bxc5 15. Bg5 Qc7 16. Rad1 Rfd8 17. Rd2 Be7 18. Rfd1 h6 19. Bh4 Kf8 20. Qf3 Rd7 21. Bxf6 Bxf6 22. Be4 Rxd2 23. Rxd2 Rb8 24. Qd1 Rd8 25. Rxd8+ Bxd8 26. Bxb7 Be7 27. Bf3 g6 28. g3 Bc5 29. Kg2 Kg7 30. Qd2 e5 31. Qd5 h5 32. a3 Kh6 33. b4 Be7 34. Qxf7 1-0


[Site "https://www.chess.com"]

[Event "Titled Tuesday Blitz July 25 Early 2023"]
[White "Mohammad Fahad, Rahman"]
[Black "Astafurov, Arseniy"]
[WhiteFideId "10207791"]
[BlackFideId "24175218"]
[WhiteElo "2675"]
[BlackElo "2389"]
[Result "1-0"]
[Round "2"]
[TimeControl "180+2"]
[Date "2023.07.25"]
[WhiteClock "0:00:34"]
[BlackClock "0:00:12"]
[Board "155"]

1. d4 Nf6 2. Nf3 d5 3. c3 g6 4. Bf4 Bg7 5. e3 O-O 6. Nbd2 b6 7. Bd3 Bb7 8. h4 Nbd7 9. Ne5 c5 10. g4 Ne4 11. h5 Nxe5 12. dxe5 e6 13. Bxe4 dxe4 14. Nc4 Ba6 15. Nd6 Bd3 16. c4 f6 17. hxg6 fxe5 18. Nf7 Qf6 19. Nxe5 Rad8 20. g5 Qf5 21. Qh5 Rfe8 22. gxh7+ Kf8 23. h8=Q+ Bxh8 24. Qxh8+ Ke7 25. Qg7+ Kd6 26. Nxd3+ Kc6 27. Qc7# 1-0


[Site "https://www.chess.com"]

[Event "Titled Tuesday Blitz July 25 Early 2023"]
[White "Li, Hui"]
[Black "Skliarov, Viktor"]
[WhiteFideId "15400310"]
[BlackFideId "14106736"]
[WhiteElo "2389"]
[BlackElo "2675"]
[Result "0-1"]
[Round "2"]
[TimeControl "180+2"]
[Date "2023.07.25"]
[WhiteClock "0:00:04"]
[BlackClock "0:00:16"]
[Board "156"]

1. e4 c5 2. Nf3 Nc6 3. d4 cxd4 4. Nxd4 Nf6 5. Nc3 e5 6. Ndb5 d6 7. Bg5 a6 8. Na3 b5 9. Nd5 Be7 10. Bxf6 Bxf6 11. c3 O-O 12. Nc2 Rb8 13. h4 g6 14. g3 h5 15. Bh3 Bg7 16. Bxc8 Qxc8 17. O-O Kh7 18. Kg2 f5 19. exf5 Qxf5 20. Nce3 Qe6 21. Nc7 Qd7 22. Nxa6 Rbd8 23. Nd5 Qb7 24. Nab4 Nxb4 25. cxb4 e4 26. Rc1 Rf5 27. Ne3 Re5 28. Qc2 d5 29. Qc7 Qxc7 30. Rxc7 d4 31. Nc2 Red5 32. Rd1 R8d7 33. Rxd7 Rxd7 34. f3 d3 35. Ne1 d2 36. Nc2 exf3+ 37. Kxf3 Bxb2 38. Ne3 Bc3 39. a3 Ra7 40. Nd5 Rxa3 41. Nxc3 Rxc3+ 42. Ke2 Rxg3 43. Kxd2 Rg4 44. Kc3 Rc4+ 45. Kb3 Rxh4 46. Rd5 Rh1 47. Rxb5 h4 48. Rc5 h3 49. Rc3 g5 50. Rc7+ Kg6 51. Rc6+ Kh5 52. Rc8 Rb1+ 53. Kc2 Rxb4 54. Rh8+ Kg4 55. Kc3 Rf4 56. Kd3 Kg3 57. Ke2 Kg2 58. Rg8 Rf5 59. Rh8 h2 60. Ke3 h1=Q 61. Rxh1 Kxh1 62. Ke4 Rf4+ 0-1


[Site "https://www.chess.com"]

[Event "Titled Tuesday Blitz July 25 Early 2023"]
[White "Bernat, David"]
[Black "Danielyan, Vahe"]
[WhiteFideId "2099225"]
[BlackFideId "13304828"]
[WhiteElo "2380"]
[BlackElo "2658"]
[Result "0-1"]
[Round "2"]
[TimeControl "180+2"]
[Date "2023.07.25"]
[WhiteClock "0:00:09"]
[BlackClock "0:01:58"]
[Board "157"]

1. c4 c6 2. e4 e5 3. Nc3 d6 4. g3 Nf6 5. Bg2 Be7 6. Nge2 O-O 7. O-O Nbd7 8. d3 a6 9. a4 a5 10. Be3 Nc5 11. h3 Na6 12. f4 Nb4 13. f5 d5 14. cxd5 cxd5 15. Nb5 Bd7 16. g4 dxe4 17. g5 Nfd5 18. Bf2 Bxg5 19. dxe4 Ne3 20. Qb3 Nxg2 21. Kxg2 Bc6 22. Ng3 Qd3 23. Qxd3 Nxd3 24. Bb6 Nxb2 25. Nc7 Rac8 26. Bxa5 Nc4 27. Bb4 Rxc7 28. Bxf8 Ne3+ 29. Kf2 Nxf1 30. Bd6 Rd7 31. Bxe5 Nxg3 32. Kxg3 Bf6 33. Bxf6 gxf6 34. Kf4 Rd4 35. Re1 Rxa4 36. Ra1 Rxa1 0-1


[Site "https://www.chess.com"]

[Event "Titled Tuesday Blitz July 25 Early 2023"]
[White "Omariev, Maksim"]
[Black "Iskusnyh, Sergei"]
[WhiteFideId "4193423"]
[BlackFideId "4120027"]
[WhiteElo "2378"]
[BlackElo "2635"]
[Result "1-0"]
[Round "2"]
[TimeControl "180+2"]
[Date "2023.07.25"]
[WhiteClock "0:01:56"]
[BlackClock "0:00:04"]
[Board "158"]

1. g4 d5 2. Bg2 c6 3. h3 e5 4. d4 e4 5. c4 Bd6 6. Nc3 Ne7 7. Qb3 O-O 8. Bg5 f6 9. Bd2 Kh8 10. cxd5 cxd5 11. Nxd5 Nxd5 12. Qxd5 f5 13. gxf5 Bxf5 14. Bxe4 Bxe4 15. Qxe4 Nc6 16. Nf3 Bb4 17. Bxb4 Nxb4 18. a3 Nd5 19. O-O-O Nf4 20. Kb1 Qd7 21. e3 Rae8 22. Ne5 Rxe5 23. dxe5 Qb5 24. exf4 a5 25. Rd5 Qb3 26. Rd3 Qb6 27. Qd4 Qg6 28. Re1 h6 29. Qe4 Qb6 30. e6 Qxf2 31. e7 Re8 32. Rd8 Qxb2+ 33. Kxb2 1-0


[Site "https://www.chess.com"]

[Event "Titled Tuesday Blitz July 25 Early 2023"]
[White "Eggleston, Thomas A"]
[Black "Lopez Mulet, Inigo"]
[WhiteFideId "412139"]
[BlackFideId "22235620"]
[WhiteElo "2377"]
[BlackElo "2626"]
[Result "1-0"]
[Round "2"]
[TimeControl "180+2"]
[Date "2023.07.25"]
[WhiteClock "0:00:09"]
[BlackClock "0:01:18"]
[Board "159"]

1. e4 g6 2. d4 Bg7 3. Nc3 c5 4. dxc5 Bxc3+ 5. bxc3 Qa5 6. Nf3 Nf6 7. Bd3 Na6 8. O-O Nxc5 9. e5 Nfe4 10. c4 O-O 11. Bh6 Rd8 12. Re1 Nc3 13. Qd2 b6 14. Qg5 Re8 15. Qh4 Ne6 16. Bd2 Bb7 17. Nd4 Qa3 18. Nb3 Na4 19. c3 Nac5 20. Bc2 Rad8 21. Qg3 Nf8 22. Bc1 Qa6 23. Nxc5 bxc5 24. Bb3 Qc6 25. f3 a5 26. a4 Rb8 27. Bc2 Ba6 28. h4 Bxc4 29. h5 Bb3 30. Be4 Bd5 31. Bc2 Rb6 32. Be3 Reb8 33. Bc1 Rb2 34. Bxb2 Rxb2 35. Be4 Bxe4 36. Rxe4 Ne6 37. hxg6 hxg6 38. Rh4 Ng5 39. Qxg5 Qd5 40. Qh6 Qxe5 41. Qh7+ Kf8 42. Qh8+ Qxh8 43. Rxh8+ Kg7 44. Ra8 Rb3 45. Rxa5 Rxc3 46. Rb5 d5 47. a5 d4 48. a6 d3 49. a7 d2 50. Rbb1 Rd3 51. a8=Q c4 52. Qc6 c3 53. Qc4 Re3 54. Qd4+ e5 55. Qxe3 c2 56. Qxe5+ 1-0


[Site "https://www.chess.com"]

[Event "Titled Tuesday Blitz July 25 Early 2023"]
[White "Rosenberg, Evan S"]
[Black "Agibileg, Uurtsaikh"]
[WhiteFideId "2019299"]
[BlackFideId "4901606"]
[WhiteElo "2377"]
[BlackElo "2609"]
[Result "1-0"]
[Round "2"]
[TimeControl "180+2"]
[Date "2023.07.25"]
[WhiteClock "0:00:50"]
[BlackClock "0:00:02"]
[Board "160"]

1. d4 Nf6 2. Nf3 g6 3. Nc3 d5 4. Bf4 Bg7 5. Nb5 Na6 6. e3 O-O 7. h3 c6 8. Nc3 Nc7 9. Bd3 c5 10. O-O b6 11. a4 Ne6 12. Be5 a6 13. Re1 Bb7 14. Qd2 Rc8 15. Rad1 Qd7 16. Bh2 Rfd8 17. Ne5 Qe8 18. Bf1 Ne4 19. Nxe4 dxe4 20. c3 Qxa4 21. Ra1 Qe8 22. Bxa6 Bxa6 23. Rxa6 f6 24. Rxb6 Nc7 25. Nc6 Nd5 26. Nxd8 Nxb6 27. Ne6 Nc4 28. Qc2 cxd4 29. exd4 f5 30. Nxg7 Kxg7 31. Ra1 Qf7 32. Ra7 e3 33. b3 Qe6 34. Qe2 exf2+ 35. Kxf2 Qxe2+ 36. Kxe2 Nb6 37. c4 Kf6 38. d5 Na8 39. Kd3 e6 40. Ra6 Re8 41. Kd4 Kf7 42. d6 Rd8 43. Be5 1-0


[Site "https://www.chess.com"]

[Event "Titled Tuesday Blitz July 25 Early 2023"]
[White "Castaneda, Jhon David"]
[Black "Alvarado Diaz, Alejandro"]
[WhiteFideId "4405048"]
[BlackFideId "2276119"]
[WhiteElo "2603"]
[BlackElo "2375"]
[Result "0-1"]
[Round "2"]
[TimeControl "180+2"]
[Date "2023.07.25"]
[WhiteClock "0:01:41"]
[BlackClock "0:00:42"]
[Board "161"]

1. d4 d5 2. Nf3 Nf6 3. c4 e6 4. Nc3 c6 5. cxd5 exd5 6. Bg5 Be7 7. Qc2 Nbd7 8. e3 O-O 9. Bd3 Re8 10. h3 Nf8 11. Bf4 Ne6 12. Be5 g6 13. O-O-O b5 14. Kb1 a5 15. Ne2 Bb7 16. g4 b4 17. Ng3 c5 18. Bxf6 Bxf6 19. dxc5 Rc8 20. Qd2 Nxc5 21. Nd4 Qb6 22. Bb5 Red8 23. f3 Bxd4 24. exd4 Qxb5 25. dxc5 Qxc5 26. Ne2 d4 27. Nxd4 Bxf3 28. Rc1 Qxd4 29. Qxd4 Rxc1+ 30. Kxc1 Rxd4 31. Rf1 Bg2 0-1


[Site "https://www.chess.com"]

[Event "Titled Tuesday Blitz July 25 Early 2023"]
[White "Rodchenkov, Sergey D."]
[Black "Topalov, Aleksandar"]
[WhiteFideId "4168712"]
[BlackFideId "925659"]
[WhiteElo "2578"]
[BlackElo "2372"]
[Result "0-1"]
[Round "2"]
[TimeControl "180+2"]
[Date "2023.07.25"]
[WhiteClock "0:00:31"]
[BlackClock "0:00:12"]
[Board "162"]

1. e4 e6 2. d4 d5 3. Nc3 Bb4 4. e5 Qd7 5. h4 h5 6. Nh3 b6 7. Nf4 g6 8. Rh3 Ba6 9. a3 Bxf1 10. axb4 Bb5 11. b3 Nh6 12. Be3 Nf5 13. g4 hxg4 14. Qxg4 Na6 15. h5 gxh5 16. Nxh5 O-O-O 17. Nf6 Qc6 18. Kd2 Nxb4 19. Rah1 Rxh3 20. Rxh3 Kb7 21. Rh7 Rf8 22. Bh6 Rd8 23. Be3 Rf8 24. Qh5 a5 25. Rxf7 Rxf7 26. Qxf7 a4 27. Qf8 Na6 28. bxa4 Bxa4 29. Qa3 Bb5 30. Nh5 Bc4 31. Nf4 b5 32. Qa5 b4 33. Na4 Bb5 34. Nc5+ Nxc5 35. dxc5 d4 36. Qxb4 dxe3+ 37. fxe3 Kc8 38. c4 Ba6 39. Qa5 Kb7 40. Qb4+ Ka7 41. Ke2 Qe4 42. Nxe6 Qxc4+ 43. Qxc4 Bxc4+ 44. Kd2 Bxe6 45. e4 Nd4 46. Kc3 Nc6 47. Kd3 Ka6 48. Ke3 Kb5 49. Kf4 Kxc5 50. Kg5 Kd4 51. Kf6 Bc4 52. e6 Kxe4 53. e7 Nxe7 54. Kxe7 c5 55. Kd6 Kd4 56. Kc6 Bd5+ 57. Kb6 c4 58. Kb5 c3 59. Kb4 c2 60. Ka3 c1=Q+ 61. Kb4 Qc4+ 62. Ka5 Qb3 63. Ka6 Kc5 64. Ka7 Qb7# 0-1


[Site "https://www.chess.com"]

[Event "Titled Tuesday Blitz July 25 Early 2023"]
[White "Vovk, Orest"]
[Black "Namitbir Singh Walia"]
[WhiteFideId "14113490"]
[BlackFideId "35071068"]
[WhiteElo "2565"]
[BlackElo "2370"]
[Result "1-0"]
[Round "2"]
[TimeControl "180+2"]
[Date "2023.07.25"]
[WhiteClock "0:00:26"]
[BlackClock "0:00:22"]
[Board "163"]

1. h4 e5 2. h5 d5 3. h6 Nxh6 4. d4 e4 5. Bxh6 gxh6 6. e3 Bf5 7. c4 c6 8. Nc3 Qa5 9. Qb3 Bb4 10. cxd5 cxd5 11. Rh5 Be6 12. Bb5+ Qxb5 13. O-O-O Qc4 14. Qxc4 dxc4 15. Nxe4 Nd7 16. Rxh6 O-O-O 17. Ne2 Rhg8 18. Nf4 Bf5 19. Nd6+ Bxd6 20. Rxd6 Nb6 21. Rf6 Bg6 22. d5 Rd7 23. d6 Rgd8 24. Rd4 Kb8 25. e4 Re8 26. f3 a6 27. g4 Nc8 28. Kd2 b5 29. Kc3 Kb7 30. a4 Kc6 31. Nd5 1-0


[Site "https://www.chess.com"]

[Event "Titled Tuesday Blitz July 25 Early 2023"]
[White "Duarte, Leonardo"]
[Black "Ibadov, Dashgyn"]
[WhiteFideId "110582"]
[BlackFideId "24107514"]
[WhiteElo "2370"]
[BlackElo "2562"]
[Result "0-1"]
[Round "2"]
[TimeControl "180+2"]
[Date "2023.07.25"]
[WhiteClock "0:00:01"]
[BlackClock "0:00:38"]
[Board "164"]

1. e4 e5 2. Nf3 Nc6 3. Bc4 Bc5 4. c3 Nf6 5. d4 exd4 6. e5 Bd6 7. exd6 O-O 8. O-O cxd6 9. Nxd4 d5 10. Bd3 d6 11. Bg5 h6 12. Bh4 Ne5 13. Bc2 Ng6 14. Bg3 Ne4 15. Nd2 Re8 16. Re1 f5 17. f3 f4 18. fxe4 fxg3 19. hxg3 Qg5 20. exd5 Bd7 21. Nf1 Ne5 22. Qd2 Qh5 23. Ne6 Bb5 24. Nf4 Qg5 25. Nd3 Qxd2 26. Nxd2 Bxd3 27. Rxe5 Bxc2 28. Rxe8+ Rxe8 29. Kf2 Re5 30. c4 b5 31. Re1 Rf5+ 32. Ke3 bxc4 33. Nxc4 Rxd5 34. Rc1 Bf5 35. Rc3 Kf7 36. Nd2 Rc5 37. Rxc5 dxc5 38. Nb3 Be6 39. Nxc5 Bxa2 40. b4 Bd5 41. Kf2 Kf6 42. g4 Ke5 43. Nd7+ Kf4 44. Nc5 Kxg4 45. Nd3 h5 46. Ne5+ Kf5 0-1


[Site "https://www.chess.com"]

[Event "Titled Tuesday Blitz July 25 Early 2023"]
[White "Altman, Joshua"]
[Black "Mejia, Cherry Ann"]
[WhiteFideId "426210"]
[BlackFideId "5206880"]
[WhiteElo "2557"]
[BlackElo "2369"]
[Result "1/2-1/2"]
[Round "2"]
[TimeControl "180+2"]
[Date "2023.07.25"]
[WhiteClock "0:00:03"]
[BlackClock "0:00:07"]
[Board "165"]

1. Nf3 d5 2. c4 dxc4 3. e3 Nf6 4. Bxc4 c5 5. O-O e6 6. b3 a6 7. Bb2 b5 8. Be2 Bb7 9. d4 Nbd7 10. a4 b4 11. Nbd2 Be7 12. Rc1 cxd4 13. Nxd4 O-O 14. Bf3 Bxf3 15. N2xf3 Nc5 16. Nc6 Qe8 17. Nxe7+ Qxe7 18. Qc2 Nce4 19. h3 h6 20. Nd4 Rac8 21. Qe2 Nd5 22. Qxa6 Ndc3 23. Bxc3 Nxc3 24. Rc2 Ra8 25. Qc4 Rfc8 26. Qd3 Rd8 27. Qc4 Rdc8 28. Qd3 Rd8 29. f4 Rac8 30. Rfc1 e5 31. fxe5 Qxe5 32. Kh1 Qg3 33. Rf1 Qe5 34. Rcf2 Rc7 35. Qf5 Qxf5 36. Nxf5 Rcd7 37. Nd4 Ne4 38. Rf4 Nd2 39. R1f2 Nb1 40. Rb2 Nc3 41. Rbf2 Nd1 42. R2f3 Nxe3 43. Rxe3 Rxd4 44. Rxd4 Rxd4 45. Re8+ Kh7 46. Rb8 Kg6 47. Rb5 f5 48. a5 Kg5 49. a6 Rd1+ 50. Kh2 Ra1 51. Rb6 Ra3 52. Rxb4 Rxa6 53. Rb7 g6 54. b4 Kf4 55. b5 Ra2 56. Rg7 g5 57. b6 Rb2 58. b7 Ke5 59. Rh7 Kf4 60. Rf7 Ke5 61. Re7+ Kf6 62. Rc7 f4 63. Rc6+ Kf5 64. Rc7 Ke4 65. Re7+ Kf5 66. Rf7+ Kg6 67. Rc7 Kf5 68. Rf7+ Kg6 69. Rc7 h5 70. Rc6+ Kf5 71. Rc5+ Kf6 72. Rc6+ Kf5 73. Rc5+ Kg6 74. Rc6+ Kf5 1/2-1/2


[Site "https://www.chess.com"]

[Event "Titled Tuesday Blitz July 25 Early 2023"]
[White "Sriniaiyer, Sudarshan"]
[Black "Fiorito, Francisco"]
[WhiteFideId "30937213"]
[BlackFideId "180165"]
[WhiteElo "2369"]
[BlackElo "2552"]
[Result "0-1"]
[Round "2"]
[TimeControl "180+2"]
[Date "2023.07.25"]
[WhiteClock "0:01:15"]
[BlackClock "0:01:28"]
[Board "166"]

1. c4 Nf6 2. Nc3 g6 3. e4 d6 4. d4 Bg7 5. h3 c5 6. d5 e5 7. Bd3 a6 8. Nge2 Nbd7 9. O-O O-O 10. Be3 Rb8 11. a4 Nh5 12. Qd2 f5 13. f4 exf4 14. Nxf4 Nxf4 15. Bxf4 Ne5 16. Be2 Qe7 17. Rae1 Bd7 18. Bg5 Bf6 19. Bh6 Rf7 20. exf5 Bxf5 21. g4 Bd7 22. Ne4 Bh4 23. Rxf7 Nxf7 24. Nf2 Nxh6 25. Bd3 Qg7 26. Qf4 Rf8 0-1


[Site "https://www.chess.com"]

[Event "Titled Tuesday Blitz July 25 Early 2023"]
[White "Fajdetic, Hrvoje"]
[Black "Orlov, Oleg"]
[WhiteFideId "14501945"]
[BlackFideId "4166612"]
[WhiteElo "2363"]
[BlackElo "2548"]
[Result "0-1"]
[Round "2"]
[TimeControl "180+2"]
[Date "2023.07.25"]
[WhiteClock "0:00:01"]
[BlackClock "0:01:45"]
[Board "167"]

1. d4 Nf6 2. Bf4 c5 3. e3 cxd4 4. exd4 d6 5. Nc3 g6 6. Qd2 Nc6 7. Bc4 Na5 8. Bd3 Be6 9. Bb5+ Bd7 10. Bd3 Rc8 11. Nge2 Nc4 12. Bxc4 Rxc4 13. O-O h6 14. Rfe1 g5 15. Bxd6 exd6 16. Nf4+ Be6 17. Nxe6 fxe6 18. Rxe6+ Kf7 19. Rae1 Rc7 20. f4 g4 21. Qd3 Re7 22. Qf5 Rxe6 23. Rxe6 Bg7 24. Nd5 Re8 25. Rxf6+ Bxf6 26. Qh7+ Bg7 27. Qf5+ Kg8 28. Qg6 Rf8 29. f5 Qe8 0-1


[Site "https://www.chess.com"]

[Event "Titled Tuesday Blitz July 25 Early 2023"]
[White "Alahakoon, Isuru"]
[Black "Ambartsumova, Karina"]
[WhiteFideId "9900993"]
[BlackFideId "4166299"]
[WhiteElo "2363"]
[BlackElo "2547"]
[Result "0-1"]
[Round "2"]
[TimeControl "180+2"]
[Date "2023.07.25"]
[WhiteClock "0:00:20"]
[BlackClock "0:00:12"]
[Board "168"]

1. Nf3 Nf6 2. d4 g6 3. Bg5 Bg7 4. Nbd2 d5 5. e3 O-O 6. Bd3 c5 7. c3 Qb6 8. Rb1 Nc6 9. O-O Re8 10. Qe2 e5 11. dxc5 Qxc5 12. e4 dxe4 13. Bxe4 Bd7 14. Rfd1 h6 15. Bh4 g5 16. Bg3 Bg4 17. h3 Bh5 18. Qe3 Qxe3 19. fxe3 Nxe4 20. Nxe4 Bg6 21. Nd6 Bxb1 22. Nxe8 Rxe8 23. Rxb1 f5 24. Rd1 Kf7 25. Rd7+ Re7 26. Rxe7+ Kxe7 27. e4 f4 28. Bf2 Ke6 29. b4 a6 30. a4 Bf6 31. Nd2 h5 32. Nb3 Be7 33. b5 axb5 34. axb5 Nd8 35. c4 g4 36. hxg4 hxg4 37. Kf1 Kd7 38. Ke2 Ne6 39. c5 Ng5 40. Kd3 g3 41. Bg1 f3 42. gxf3 Nh3 43. Be3 g2 44. Kc4 Bg5 45. Kd5 Bxe3 46. c6+ bxc6+ 47. bxc6+ Kc8 0-1


[Site "https://www.chess.com"]

[Event "Titled Tuesday Blitz July 25 Early 2023"]
[White "Goswami, Vedant"]
[Black "Andreev, Konstantin"]
[WhiteFideId "5003725"]
[BlackFideId "24239305"]
[WhiteElo "2361"]
[BlackElo "2539"]
[Result "0-1"]
[Round "2"]
[TimeControl "180+2"]
[Date "2023.07.25"]
[WhiteClock "0:00:01"]
[BlackClock "0:00:06"]
[Board "169"]

1. e4 c5 2. Nf3 e6 3. c3 d5 4. Bd3 Nc6 5. Bc2 d4 6. d3 e5 7. O-O g6 8. Ba4 Qd6 9. b4 cxb4 10. cxd4 exd4 11. e5 Qd5 12. Bb3 Qd8 13. Bg5 Be7 14. Bf4 Be6 15. Nbd2 g5 16. Bg3 h5 17. h3 Nh6 18. Ne4 Nf5 19. Re1 g4 20. Nfd2 gxh3 21. Bxe6 fxe6 22. Qf3 Kd7 23. Rac1 Qg8 24. Nf6+ Bxf6 25. exf6 Qg4 26. Qxg4 hxg4 27. Ne4 b6 28. Ng5 Nxg3 29. fxg3 e5 30. Rf1 Raf8 31. f7 Rh5 32. Ne4 Rh6 33. Rf5 Ke7 34. Rcf1 Re6 35. gxh3 gxh3 36. Kh2 Nd8 37. Ng5 Rg6 38. Rxe5+ Kd6 39. Ref5 Rg7 40. g4 Ke7 41. Re1+ Kd6 42. Kxh3 Nxf7 43. Rf6+ Kd7 44. Nxf7 Rfxf7 45. Rxf7+ Rxf7 46. Re4 Rf1 47. Rxd4+ Ke6 48. g5 Rg1 49. Kh4 a5 50. Re4+ Kf7 51. Rf4+ Kg7 0-1


[Site "https://www.chess.com"]

[Event "Titled Tuesday Blitz July 25 Early 2023"]
[White "Bilan, Danila"]
[Black "Harriott, Tyrell"]
[WhiteFideId "24161918"]
[BlackFideId "2086484"]
[WhiteElo "2535"]
[BlackElo "2360"]
[Result "0-1"]
[Round "2"]
[TimeControl "180+2"]
[Date "2023.07.25"]
[WhiteClock "0:00:02"]
[BlackClock "0:01:32"]
[Board "170"]

1. d4 d6 2. Nf3 Nf6 3. Bg5 Nbd7 4. Nbd2 e5 5. e3 Be7 6. Bc4 O-O 7. O-O c6 8. c3 Qc7 9. a4 Re8 10. dxe5 dxe5 11. Qc2 Nf8 12. h3 Ng6 13. Qb3 Rf8 14. Rad1 h6 15. Qc2 Nh8 16. Bh4 Nh5 17. Bxe7 Qxe7 18. Ne4 Be6 19. Bxe6 Qxe6 20. Nc5 Qe7 21. b4 Nf6 22. Rd2 Ng6 23. Rfd1 Rfb8 24. Qf5 Nd5 25. Rd3 b6 26. Na6 e4 27. Rd4 exf3 28. e4 Nxc3 29. Re1 Ne2+ 0-1


[Site "https://www.chess.com"]

[Event "Titled Tuesday Blitz July 25 Early 2023"]
[White "Gulamali, Kazim"]
[Black "Vifleemskaia, Svetlana"]
[WhiteFideId "2024764"]
[BlackFideId "4129490"]
[WhiteElo "2527"]
[BlackElo "2360"]
[Result "1-0"]
[Round "2"]
[TimeControl "180+2"]
[Date "2023.07.25"]
[WhiteClock "0:01:08"]
[BlackClock "0:00:01"]
[Board "171"]

1. e4 e5 2. Nf3 Nc6 3. Bc4 Nf6 4. d3 Be7 5. Nc3 O-O 6. a4 a6 7. g4 Nxg4 8. Rg1 Nf6 9. Bh6 Ne8 10. Nd5 Kh8 11. Bg5 h6 12. h4 d6 13. Qd2 Kh7 14. O-O-O Be6 15. Rg2 b5 16. Ba2 bxa4 17. Rdg1 Rg8 18. Bxh6 Nd4 19. Nxd4 exd4 20. Bg5 Nf6 21. Qe2 Bxd5 22. Bxf6 g6 23. Bxd5 Bxf6 24. Bxf7 Rg7 25. Bxg6+ Kg8 26. Qh5 Kf8 27. Bf5 Qe7 28. Qh8+ Kf7 29. Qxa8 1-0


[Site "https://www.chess.com"]

[Event "Titled Tuesday Blitz July 25 Early 2023"]
[White "Vyatkin, Dmitry"]
[Black "Llanos, Guillermo"]
[WhiteFideId "4171900"]
[BlackFideId "100358"]
[WhiteElo "2525"]
[BlackElo "2359"]
[Result "1-0"]
[Round "2"]
[TimeControl "180+2"]
[Date "2023.07.25"]
[WhiteClock "0:00:05"]
[BlackClock "0:00:07"]
[Board "172"]

1. d4 Nf6 2. c4 b6 3. f3 Nc6 4. Nc3 d5 5. cxd5 Nxd5 6. e4 Nxc3 7. bxc3 e5 8. d5 Nb8 9. Be3 Bd6 10. Bc4 Qh4+ 11. g3 Qe7 12. Ne2 Bc5 13. Qd2 O-O 14. O-O Qg5 15. f4 exf4 16. Bxc5 bxc5 17. Qxf4 Qe7 18. Rab1 Bh3 19. Rfe1 Nd7 20. Bd3 Ne5 21. Bc2 g5 22. Qf2 g4 23. Kh1 Rab8 24. Nf4 Rb6 25. Nxh3 gxh3 26. Qf5 Rh6 27. Rf1 Kh8 28. Rf2 Nc4 29. e5 Ne3 30. Qe4 Nxc2 31. Rxc2 Rh5 32. Re2 f5 33. Qf4 Rg8 34. Qf3 Rg4 35. e6 Kg7 36. c4 Rhg5 37. Qc3+ Kg6 38. Rf1 Re4 39. Rxe4 fxe4 40. Qe3 Rg4 41. Rf4 h5 42. Rxg4+ hxg4 43. Qxe4+ Kg5 44. Qf4+ Kg6 45. Qxg4+ Kf6 46. Qh4+ Ke5 47. Qxe7 Kd4 48. Qxc7 1-0


[Site "https://www.chess.com"]

[Event "Titled Tuesday Blitz July 25 Early 2023"]
[White "Bellissimo, Joseph F."]
[Black "Shturman, Arseniy"]
[WhiteFideId "2609843"]
[BlackFideId "34275797"]
[WhiteElo "2353"]
[BlackElo "2522"]
[Result "1-0"]
[Round "2"]
[TimeControl "180+2"]
[Date "2023.07.25"]
[WhiteClock "0:02:44"]
[BlackClock "0:02:17"]
[Board "173"]

1. e4 c5 2. Nf3 Nc6 3. c3 Nf6 4. e5 Nd5 5. d4 cxd4 6. cxd4 d6 7. Bc4 Nb6 8. Bd3 dxe5 9. dxe5 Bg4 10. O-O Nxe5 11. Nxe5 Bxd1 12. Bb5+ Qd7 13. Nxd7 Nxd7 14. Rxd1 O-O-O 15. Rxd7 Rxd7 16. Bxd7+ Kxd7 17. Nc3 e6 18. Be3 b6 19. Rd1+ Kc6 20. Rd8 Kc7 21. Ra8 Kb7 22. Re8 g6 23. Bd4 Rg8 24. Bf6 1-0


[Site "https://www.chess.com"]

[Event "Titled Tuesday Blitz July 25 Early 2023"]
[White "Rodriguez Santiago, Jaime"]
[Black "Sreyas Payyappat"]
[WhiteFideId "3100898"]
[BlackFideId "46674969"]
[WhiteElo "2351"]
[BlackElo "2509"]
[Result "0-1"]
[Round "2"]
[TimeControl "180+2"]
[Date "2023.07.25"]
[WhiteClock "0:00:47"]
[BlackClock "0:01:50"]
[Board "174"]

1. d4 Nf6 2. c4 c5 3. d5 e6 4. Nc3 exd5 5. cxd5 d6 6. e4 g6 7. f4 Bg7 8. Bb5+ Nfd7 9. a4 O-O 10. Nf3 Na6 11. O-O Nb4 12. Nd2 a6 13. Be2 f5 14. Nc4 Qe7 15. e5 dxe5 16. d6 Qf7 17. fxe5 Nxe5 18. Nb6 Rb8 19. Bf4 Be6 20. Bxe5 Bxe5 21. Bf3 Rfd8 22. d7 Bxd7 23. Nxd7 Rxd7 24. Qe2 Re8 25. Kh1 Bxc3 26. Qf2 Bd4 0-1


[Site "https://www.chess.com"]

[Event "Titled Tuesday Blitz July 25 Early 2023"]
[White "Turzo, Attila"]
[Black "Slavin, Alexey"]
[WhiteFideId "704954"]
[BlackFideId "24104388"]
[WhiteElo "2507"]
[BlackElo "2347"]
[Result "1/2-1/2"]
[Round "2"]
[TimeControl "180+2"]
[Date "2023.07.25"]
[WhiteClock "0:00:17"]
[BlackClock "0:00:16"]
[Board "175"]

1. d4 Nc6 2. Nf3 d6 3. g3 Bg4 4. Bg2 e5 5. d5 Nce7 6. c4 Nf6 7. Nc3 Ng6 8. h3 Bd7 9. e4 Qc8 10. Be3 h6 11. Qc2 Be7 12. O-O-O a6 13. Kb1 O-O 14. Rc1 b5 15. Nd2 b4 16. Ne2 c5 17. f4 exf4 18. gxf4 Nh4 19. Bf1 Nh7 20. Ka1 a5 21. Ng1 a4 22. Qd1 a3 23. b3 Bf6+ 24. Kb1 Re8 25. Bd3 Qd8 26. Qh5 Bb2 27. Re1 Qf6 28. e5 dxe5 29. Ne4 Qd8 30. Bxc5 exf4 31. Nf3 Nxf3 32. Qxf3 Bf5 33. Bxb4 Ng5 34. Nxg5 Bxd3+ 35. Qxd3 hxg5 36. Bc3 Bxc3 37. Qxc3 Qd7 38. Re5 Rxe5 39. Qxe5 Re8 40. Qxg5 f3 41. Rg1 g6 42. Qf6 Qxh3 43. Rxg6+ fxg6 44. Qxg6+ Kf8 45. Qf6+ Kg8 46. Qg6+ Kf8 47. Qf6+ Kg8 48. Qg6+ 1/2-1/2


[Site "https://www.chess.com"]

[Event "Titled Tuesday Blitz July 25 Early 2023"]
[White "morozcoma"]
[Black "ATM622"]
[WhiteElo "2345"]
[BlackElo "2505"]
[Result "0-1"]
[Round "2"]
[TimeControl "180+2"]
[Date "2023.07.25"]
[WhiteClock "0:00:16"]
[BlackClock "0:00:40"]
[Board "176"]

1. e4 c6 2. Nc3 d5 3. Nf3 dxe4 4. Nxe4 Bf5 5. Ng3 Bg6 6. h4 h6 7. Ne5 Bh7 8. Bc4 e6 9. Qh5 Qe7 10. d4 Nf6 11. Qe2 g6 12. Bd2 Bg7 13. O-O-O O-O 14. Bd3 Nbd7 15. Kb1 c5 16. h5 g5 17. Nxd7 Qxd7 18. Bxh7+ Kxh7 19. dxc5 Qd5 20. Bc3 Qxc5 21. Bxf6 Bxf6 22. Ne4 Qe5 23. Nxf6+ Qxf6 24. Rd7 Rab8 25. f3 Rfd8 26. Qe4+ Kg7 27. Rxb7 Rxb7 28. Qxb7 Rd2 29. Qxa7 Rxg2 30. Qe3 Rg3 31. Rf1 g4 32. a4 Rxf3 33. Rxf3 Qxf3 34. Qd4+ Kh7 35. a5 g3 36. a6 Qf1+ 37. Ka2 Qxa6+ 38. Kb3 Qb5+ 39. Kc3 Qf5 40. Kd2 g2 41. b4 Qg5+ 42. Ke2 g1=Q 0-1


[Site "https://www.chess.com"]